 Dungeon Crawl Stone Soup version 0.29-a0-1039-gfc20370e89 (webtiles) character file.

Game seed: 10476501115808830298

107 Plasmagod the Chopper (level 4, 0/39 HPs)
             Began as a Minotaur Fighter on Aug 15, 2022.
             Killed by nerve-wracking pain
             ... invoked by Grinder
              (3 damage)
             ... on level 3 of the Dungeon.
             The game lasted 00:03:40 (1743 turns).

Plasmagod the Chopper (Minotaur Fighter)            Turns: 1743, Time: 00:03:41

Health: 0/39       AC:  8    Str: 22    XL:     4   Next: 57%
Magic:  3/3        EV:  9    Int:  5    God:
Gold:   115        SH:  4    Dex: 10    Spells: 3/3 levels left

rFire   . . .      SeeInvis .   a - +0 war axe
rCold   . . .      Faith    .   c - +0 buckler
rNeg    . . .      Spirit   .   b - +0 scale mail
rPois   .          Reflect  .   (helmet restricted)
rElec   .          Harm     .   (no cloak)
rCorr   .          Rampage  .   m - +0 pair of gloves
Will    .....                   (no boots)
Stlth   ..........              (no amulet)
HPRegen 0.13/turn               (no ring)
MPRegen 0.08/turn               (no ring)

@: no status effects
A: horns 2, retaliatory headbutt
a: no special abilities


You were on level 3 of the Dungeon.
You visited 1 branch of the dungeon, and saw 3 of its levels.

You collected 115 gold pieces.

Inventory:

Hand Weapons
 a - a +0 war axe (weapon)
Armour
 b - a +0 scale mail (worn)
 c - a +0 buckler (worn)
 m - a +0 pair of gloves (worn)
Jewellery
 l - a ring of magical power
Scrolls
 h - 8 scrolls of identify {unknown}
 i - 3 scrolls of enchant armour {unknown}
 j - a scroll of amnesia {unknown}
Potions
 d - a potion of might
 e - 4 potions of brilliance {unknown}
 f - 2 potions of curing {unknown}
 g - 3 potions of attraction {unknown}
 k - a potion of mutation {unknown}
 n - a potion of resistance {unknown}
 o - a potion of haste {unknown}
 p - a potion of cancellation {unknown}


   Skills:
 - Level 3.6 Fighting
 + Level 5.9 Axes
 - Level 3.6 Armour
 - Level 3.6 Shields


You had 3 spell levels left.
You didn't know any spells.
Your spell library was empty.

Dungeon Overview and Level Annotations

Branches:
Dungeon (3/15)

Altars:

Shops:
D:2 !

Annotations:
D:3 Grinder


Innate Abilities, Weirdness & Mutations

You have a pair of horns on your head.
You reflexively headbutt those who attack you in melee.


Message History

Grinder gestures at you. Pain shoots through your body!
You closely miss Grinder. Your headbutt misses Grinder.
Grinder is lightly wounded.
Grinder hits you.
You writhe in agony.
Grinder says, "FISH!"
Grinder closely misses you.
You slash Grinder!
Grinder is lightly wounded.
Grinder hits you but does no damage.
You hit Grinder. You headbutt Grinder.
Grinder is moderately wounded.
Grinder hits you but does no damage.
You closely miss Grinder.
Grinder is moderately wounded.
Grinder gestures at you. You resist with significant effort.
You hit Grinder but do no damage.
Grinder is moderately wounded.
Grinder hits you! x2
* * * LOW HITPOINT WARNING * * *
You writhe in agony.
* * * LOW HITPOINT WARNING * * *
You are too injured to fight recklessly!
You are too injured to fight recklessly!
You are too injured to fight recklessly!
You are too injured to fight recklessly!
You are too injured to fight recklessly!
You are too injured to fight recklessly!
You are too injured to fight recklessly!
You are too injured to fight recklessly!
You are too injured to fight recklessly!
You are too injured to fight recklessly!
You are too injured to fight recklessly!
You are too injured to fight recklessly!
You slash Grinder! You headbutt Grinder!
Grinder is almost dead.
Grinder gestures at you. Pain shoots through your body!
You die...

....#.# ##.#
....#.##.##.# ..>
.........##.# ..#
..###.#####.# ..# #.#
#.# #.# (.#
#.###.#####.# ..#
............# ..####
#.######.########5....#
#.# #........@..# ## ##
#.# ############# . #.
#[# #. #. #.# ###.###.
#.# ........ #.#
#####... #.# ######...
#.# ......... #.#
#######†.


You could see Grinder.

Vanquished Creatures
  4 adders
  A gnoll (D:1)
  2 worms (D:3)
  4 dart slugs
  5 endoplasms
  3 giant cockroaches
  4 goblins
  3 hobgoblins
  A kobold (D:1)
  4 quokkas
  4 ball pythons
  2 bats
  4 frilled lizards
  9 rats
50 creatures vanquished.

Notes
Turn   | Place    | Note
-------+----------+-------------------------------------------
     0 | D:1      | Plasmagod the Minotaur Fighter began the quest for the Orb.
     0 | D:1      | Reached XP level 1. HP: 19/19 MP: 0/0
    20 | D:1      | Reached skill level 3 in Axes
    20 | D:1      | Reached XP level 2. HP: 23/26 MP: 1/1
   408 | D:1      | Reached skill level 4 in Axes
   593 | D:1      | Reached XP level 3. HP: 28/31 MP: 2/2
   967 | D:2      | Reached skill level 5 in Axes
  1158 | D:2      | Found Qehuos's Distillery.
  1198 | D:2      | Reached XP level 4. HP: 39/39 MP: 3/3
  1718 | D:3      | Noticed Grinder
  1743 | D:3      | Killed from afar by Grinder

Illustrated notes

Levels and vault maps discovered:
D:1:      roderic_octagonal_star, layout_basic, minmay_misc_feat_more_columns
D:2:      layout_rooms, serial_shops, nicolae_shop_statue_plus,
          minmay_misc_feat_iff, serial_bayou_pond_e, minmay_split_cup_small
D:3:      layout_loops_ring, nicolae_qazlal_style_of_elements,
          dilly_ecumenical_altar_fadedgnrine, gammafunk_ghost_grave, uniq_robin,
          uniq_grinder

Skill      XL: |  1  2  3 |
---------------+----------+-----
Axes           | 3 4 5 |  5.9
Fighting       | |  3.6
Armour         | |  3.6
Shields        | |  3.6

Action                   |  1- 3 |  4- 6 || total
-------------------------+-------+-------++-------
Melee: War axe           |    69 |    46 ||   115
       Headbutt          |    12 |     8 ||    20
Armor: Scale mail        |    30 |    18 ||    48
Dodge: Dodged            |    31 |    17 ||    48
Block: Buckler           |    10 |     4 ||    14

Table legend: (Time is in decaauts)
 A = Elapsed time spent in this place.
 B = Non-inter-level travel time spent in this place.
 C = Inter-level travel time spent in this place.
 D = Time resting spent in this place.
 E = Time spent auto-exploring this place.
 F = Levels seen in this place.
 G = Mean time per level.
                   A        B        C        D        E       F      G
               +--------+--------+--------+--------+--------+-----+--------+
         Total |   1776 |   1736 |     40 |      0 |   1406 |   3 |  592.0 |
       Dungeon |   1776 |   1736 |     40 |      0 |   1406 |   3 |  592.0 |
               +--------+--------+--------+--------+--------+-----+--------+

Top non-repeatable levels by time:
     D:1: 785 daAuts
     D:2: 585 daAuts
     D:3: 405 daAuts
